AoeStats
← tavoo

Arabia

509452368Analyzed
1v1 RM · 7d ago on Sep 26, 2026· 49m 16s· 2 players
Game mode
Random Map
Map size
Tiny (2 player)
Population
200
Speed
Normal
Resources
Standard
Victory
Conquest
Starting age
Dark Age
Ending age
Imperial Age
RankedLock teamsTeams togetherTeam positionsShared explorationLock speedFull tech treeHidden civsTurbo modeCheats
Victory
Defeat
🇲🇽 Bulgarians · Mexico
1429
+15
🇦🇷 Britons · Argentina
1410
-15
El Chacal
7:53 Loom
10:27 Feudal Age
12:28 Double-Bit Axe
17:06 Fletching
21:15 Castle Age
18:57 Horse Collar
19:08 Gold Mining
21:50 Bodkin Arrow
26:56 Town Watch
28:25 Bow Saw
31:07 Padded Archer Armor
31:52 Wheelbarrow
34:13 Heavy Plow
39:20 Imperial Age
37:27 Padded Archer Armor
38:14 Hand Cart
39:21 Yeomen
42:43 Hoardings
42:48 Stone Mining
43:27 Leather Archer Armor
45:56 Pikeman
tavoo
8:19 Loom
10:30 Feudal Age
12:31 Double-Bit Axe
13:10 Fletching
14:53 Padded Archer Armor
22:00 Castle Age
22:27 Forging
22:41 Bodkin Arrow
26:31 Wheelbarrow
26:47 Scale Barding Armor
28:27 Horse Collar
32:26 Bow Saw
37:00 Imperial Age
34:40 Heavy Plow
35:07 Scale Mail Armor
35:14 Gold Mining
35:45 Hand Cart
36:28 Town Watch
37:29 Capped Ram
41:24 Chain Barding Armor
41:00 Elite Skirmisher
42:39 Siege Ram
44:37 Plate Barding Armor
45:09 Husbandry
45:20 Bloodlines
47:52 Iron Casting
48:07 Gold Shaft Mining
48:04 Ballistics
47:56 Masonry
48:00 Light Cavalry
48:55 Hussar
Connection lost

Rejoining the realm…

Still unreachable

The connection could not be restored.

Session expired

The server has moved on; the page needs a fresh start.